 Dungeon Crawl Stone Soup version 0.30.1 (webtiles) character file.

Game seed: 956898048751672753

3452 Peloso the Carver (level 9, -1/79 HPs)
             Began as a Minotaur Fighter on July 2, 2023.
             Was a Follower of Okawaru.
             Shot with an arrow by a centaur (13 damage)
             ... on level 8 of the Dungeon.
             The game lasted 00:13:36 (7151 turns).

Peloso the Carver (Minotaur Fighter)                Turns: 7151, Time: 00:13:37

Health: -1/79      AC: 15    Str: 23    XL:     9   Next: 78%
Magic:  8/8        EV:  7    Int:  5    God:    Okawaru [*.....]
Gold:   324        SH: 10    Dex: 12    Spells: 8/8 levels left

rFire   . . .        a - +6 falchion (holy)
rCold   . . .        d - +0 kite shield
rNeg    . . .        q - +0 plate armour
rPois   .            (helmet restricted)
rElec   .            r - +0 cloak
rCorr   .            (no gloves)
SInv    .            (no boots)
Will    +....        (no amulet) Stlth
                     s - ring of willpower
HPRegen 0.33/turn    (no ring)
MPRegen 0.11/turn

%: no passive effects
@: no status effects
A: horns 2, retaliatory headbutt
a: Renounce Religion, Heroism


You were on level 8 of the Dungeon.
You worshipped Okawaru.
Okawaru was aware of your devotion.
You visited 1 branch of the dungeon, and saw 8 of its levels.

You collected 324 gold pieces.

Inventory:

Hand Weapons
 a - a +6 falchion of holy wrath (weapon)
 b - a +1 long sword of draining
Armour
 c - a +0 chain mail
 d - a +0 kite shield (worn)
 q - a +0 plate armour (worn)
 r - a +0 cloak (worn)
Jewellery
 s - a ring of willpower (left hand)
Wands
 f - a wand of charming (3)
 h - a wand of digging (7)
 y - a wand of polymorph (10)
Scrolls
 g - a scroll of magic mapping
 k - a scroll of blinking
 n - 2 scrolls of immolation {unknown}
 o - a scroll of teleportation {unknown}
 t - a scroll of noise {unknown}
 u - a scroll of silence {unknown}
 v - a scroll of enchant weapon {unknown}
 w - a scroll of amnesia {unknown}
 x - 2 scrolls of identify
Potions
 e - 2 potions of magic
 i - a potion of cancellation
 j - 4 potions of curing
 l - 3 potions of haste
 m - a potion of brilliance
 p - 3 potions of mutation {unknown}
 z - a potion of lignification {unknown}


   Skills:
 + Level 7.4 Fighting
 + Level 10.1 Long Blades
 + Level 8.8 Armour
 + Level 2.4 Dodging
 + Level 0.3 Stealth
 + Level 9.0 Shields


You had 8 spell levels left.
You didn't know any spells.
Your spell library contained the following spells:

 Spells                   Type           Power      Damage    Failure   Level
 Beastly Appendage        Tmut           0%         N/A       100%        1
 Magic Dart               Conj           0%         1d3       100%        1
 Necrotise                Necr           0%         1d4       100%        1
 Sandblast                Erth           0%         2d4       100%        1
 Lesser Beckoning         Tloc           0%         N/A       100%        2
 Passwall                 Tmut/Erth      0%         N/A       100%        2
 Scorch                   Fire           0%         2d5       100%        2
 Wereblood                Tmut           0%         N/A       100%        2
 Gell's Gravitas          Tloc           0%         N/A       100%        3
 Mephitic Cloud           Conj/Pois/Air  0%         N/A       100%        3
 Spider Form              Tmut/Pois      0%         N/A       100%        3
 Stone Arrow              Conj/Erth      0%         3d7       100%        3
 Teleport Other           Tloc           0%         N/A       100%        3
 Vampiric Draining        Necr           0%         2d6       100%        3
 Flame Wave               Conj/Fire      0%         2d4       100%        4
 Agony                    Necr           0%         N/A       100%        5
 Call Imp                 Summ           Unusable   N/A       N/A         2
 Summon Cactus Giant      Summ           Unusable   N/A       N/A         6

Dungeon Overview and Level Annotations

Branches:
Dungeon (8/15)             Temple (0/1) D:7
   Lair: D:8-11

Altars:
Ashenzari
Dithmenos
Hepliaklqana
Kikubaaqudgha
Nemelex Xobeh
Okawaru
Ru
Trog
Uskayaw
Vehumet

Shops:
D:1 :


Innate Abilities, Weirdness & Mutations

You have a pair of horns on your head.
You reflexively headbutt those who attack you in melee.


Message History

The gnoll closely misses you. You furiously retaliate!
You headbutt the gnoll!
You kill the gnoll!
Okawaru accepts your kill.
The centaur wields a +2 shortbow of freezing.
It is covered in frost.
The centaur shoots an arrow.
The arrow hits you! The arrow freezes you.
You hit the gnoll sergeant.
The gnoll sergeant is moderately wounded.
The centaur shoots an arrow.
The arrow hits you! The arrow freezes you.
The gnoll sergeant hits you but does no damage.
You hit the gnoll sergeant but do no damage.
Your headbutt misses the gnoll sergeant.
The gnoll sergeant is moderately wounded.
The centaur shoots an arrow.
You block the arrow. You block the gnoll's attack.
You hit the gnoll sergeant but do no damage.
The gnoll sergeant is moderately wounded.
The centaur shoots an arrow.
The arrow hits you. The arrow freezes you.
The gnoll sergeant barely misses you. You furiously retaliate!
You headbutt the gnoll sergeant!
The centaur shoots an arrow.
The arrow hits you!
* * * LOW HITPOINT WARNING * * *
The arrow freezes you.
* * * LOW HITPOINT WARNING * * *
You block the gnoll's attack.
You slash the gnoll sergeant! You headbutt the gnoll sergeant.
You kill the gnoll sergeant!
Okawaru accepts your kill.
The centaur shoots an arrow.
The arrow hits you but does no damage. The gnoll hits you with a +0 flail!
* * * LOW HITPOINT WARNING * * *
Unknown command.
You feel better.
The centaur shoots an arrow.
The arrow hits you but does no damage. The gnoll hits you with a +0 flail.
* * * LOW HITPOINT WARNING * * *
The centaur shoots an arrow.
You block the arrow.
Things that are here:
a +1 heavy spear; a +0 scale mail; a gnoll corpse The gnoll attacks as you move away!
The gnoll hits you but does no damage.
The centaur shoots an arrow.
The arrow hits you!
You die...

### ..# #.......# ..#
#.......## ..####
#........ ...†.##
#.......# ..##..#
#.......# #..##.####
#.......# ##.##....##
##....#
.#####..###...@.######.
.# ##.§.#.###).......
.. ####.#.g)g....c...
#. #....).#####.#####
#...##...# .# #...
##..# # ... #.... ##
..#### ...#


You could see a centaur.

Vanquished Creatures
  Pikel (D:8)
  Maggie (D:6)
  A troll (D:7)
  Sigmund (D:6)
  Eustachio (D:4)
  A water moccasin (D:7)
  Duvessa (D:5)
  2 sky beasts
  2 black bears
  2 centaurs (D:7)
  2 ogres (D:6)
  A phantom (D:6)
  A bullfrog (D:7)
  A gnoll sergeant (D:8)
  4 scorpions
  Dowan (D:5)
  4 howler monkeys
  An orc priest (D:2)
  A hound (D:5)
  4 jellies
  Crazy Yiuf (D:6)
  An iguana (D:6)
  2 orc wizards
  A sleepcap (D:6)
  Natasha (thrice) (D:4)
  9 gnolls
  7 adders
  A shadow imp (D:7)
  A white imp (D:7)
  2 ufetubi
  3 worms
  A dart slug (D:4)
  21 orcs
  8 endoplasms
  2 giant cockroaches (D:1)
  5 goblins
  11 hobgoblins
  10 jackals
  8 quokkas
  8 ball pythons
  6 bats
  3 frilled lizards
  6 kobolds
  9 rats
162 creatures vanquished.

Notes
Turn   | Place    | Note
-------+----------+-------------------------------------------
     0 | D:1      | Peloso the Minotaur Fighter began the quest for the Orb.
     0 | D:1      | Reached XP level 1. HP: 19/19 MP: 0/0
    52 | D:1      | Found a faded altar of an unknown god.
   115 | D:1      | Reached XP level 2. HP: 27/27 MP: 1/1
   206 | D:1      | Reached XP level 3. HP: 24/33 MP: 2/2
   439 | D:1      | Found Yduidat's Book Emporium.
  1141 | D:2      | Reached skill level 3 in Long Blades
  1218 | D:2      | Reached skill level 1 in Dodging
  1555 | D:2      | Reached XP level 4. HP: 40/40 MP: 3/3
  1947 | D:2      | Reached skill level 4 in Long Blades
  2091 | D:2      | Reached XP level 5. HP: 39/46 MP: 4/4
  2482 | D:4      | Noticed Natasha
  2490 | D:4      | Killed Natasha
  2615 | D:4      | Reached skill level 5 in Armour
  2949 | D:4      | Found a bloodstained altar of Trog.
  3038 | D:4      | Noticed a sky beast
  3059 | D:4      | Killed a sky beast
  3060 | D:4      | Reached skill level 5 in Long Blades
  3060 | D:4      | Reached skill level 5 in Shields
  3060 | D:4      | Reached XP level 6. HP: 46/55 MP: 5/5
  3097 | D:4      | Identified the +0 ring mail of the Unbroken {rPois rF+ rC+}
  3129 | D:4      | Found a broken altar of Ashenzari.
  3184 | D:4      | Found a shadowy altar of Dithmenos.
  3206 | D:4      | Noticed Eustachio
  3251 | D:4      | Noticed Natasha
  3271 | D:4      | Killed Natasha
  3310 | D:4      | Killed Eustachio
  3311 | D:4      | Reached skill level 5 in Fighting
  3311 | D:4      | Reached XP level 7. HP: 49/61 MP: 6/6
  3377 | D:4      | Found a hide-covered altar of Uskayaw.
  3386 | D:4      | Noticed Natasha
  3397 | D:4      | Killed Natasha
  3768 | D:4      | Found a sparkling altar of Nemelex Xobeh.
  3807 | D:4      | Found a faded altar of an unknown god.
  3809 | D:4      | Found a hazy altar of Hepliaklqana.
  3850 | D:5      | Entered Level 5 of the Dungeon
  3866 | D:5      | Found a radiant altar of Vehumet.
  3894 | D:5      | Noticed Dowan
  3895 | D:5      | Noticed Duvessa
  3900 | D:5      | Reached skill level 6 in Long Blades
  3912 | D:5      | Killed Duvessa
  3935 | D:5      | Killed Dowan
  4287 | D:5      | Reached XP level 8. HP: 69/69 MP: 7/7
  4471 | D:6      | Reached skill level 7 in Long Blades
  4962 | D:6      | Noticed Maggie
  5191 | D:6      | Killed Maggie
  5192 | D:6      | Reached skill level 8 in Long Blades
  5395 | D:6      | Noticed Sigmund
  5406 | D:6      | Killed Sigmund
  5417 | D:6      | Reached XP level 9. HP: 70/78 MP: 8/8
  5646 | D:6      | Found a runed translucent door.
  5647 | D:6      | Noticed Crazy Yiuf
  5749 | D:6      | Killed Crazy Yiuf
  6117 | D:7      | Found an iron altar of Okawaru.
  6186 | D:7      | Became a worshipper of Warmaster Okawaru
  6212 | D:7      | Reached skill level 9 in Long Blades
  6668 | D:7      | Found a staircase to the Ecumenical Temple.
  6711 | D:7      | Noticed a troll
  6726 | D:7      | Killed a troll
  6735 | D:7      | Found an ancient bone altar of Kikubaaqudgha.
  6737 | D:7      | Found a sacrificial altar of Ru.
  7117 | D:8      | Noticed Pikel
  7132 | D:8      | Killed Pikel
  7132 | D:8      | Reached * piety under Okawaru
  7133 | D:8      | Reached skill level 10 in Long Blades
  7151 | D:8      | Shot with an arrow by a centaur

Illustrated notes

Levels and vault maps discovered:
D:1:      nzn_arrival_water_spiral, layout_basic,
          shapermc_ecumenical_altar_petra, serial_shops, nicolae_shop_peninsula,
          chequers_serial_rivers_large_a, kennysheep_another_room
D:2:      layout_basic
D:3:      layout_rooms, serial_bayou_pond_e, minmay_misc_feat_ornament
D:4:      layout_loops_ring, beargit_hepliaklqana_dungeon_heroes, bloody_trog,
          nicolae_dithmenos_through_a_glass_darkly,
          ashenzari_conservatory_becter, nemelex_dance_club_becter,
          lemuel_round_altar, uniq_natasha, uniq_eustachio
D:5:      layout_rooms, lemuel_doored_altar, dk_noncrumbling_4, uniq_duvessa
D:6:      layout_basic, grunt_decor_resistance, uniq_maggie,
          uniq_crazy_yiuf_cottage, uniq_sigmund
D:7:      layout_loops_corners, mainiacjoe_overflow_alcove_1,
          jmf_multi_god_temple, minmay_temple_entry_statues_pillars,
          minivault_11, grunt_decor_mini_mirrors, serial_bayou_lagoon_a
D:8:      layout_rooms, nicolae_sif_muna_little_library, uniq_pikel

Skill      XL: |  1  2  3  4  5  6  7  8  9 |
---------------+----------------------------+-----
Armour         | 4 5 6 7 8 |  8.8
Shields        | 4 5 6 7 9 |  9.0
Fighting       | 4 5 6 7 |  7.4
Long Blades    | 3 4 5 6 8 10 | 10.1
Dodging        | 1 2 |  2.4
Stealth        | |  0.3

Action                     |  1- 3 |  4- 6 |  7- 9 || total
---------------------------+-------+-------+-------++-------
  Melee: Long sword        |   104 |   258 |       ||   362
         Headbutt          |    15 |    38 |    50 ||   103
         Falchion          |       |       |   246 ||   246
    Use: Potion            |       |     4 |     2 ||     6
         Scroll            |       |     5 |     2 ||     7
 Armour: Scale mail        |    30 |       |       ||    30
         Chain mail        |    28 |    87 |       ||   115
         Plate armour      |       |   148 |   119 ||   267
  Dodge: Dodged            |    56 |    84 |    48 ||   188
  Block: Buckler           |    13 |       |       ||    13
         Kite shield       |    17 |   182 |   144 ||   343
